 Dungeon Crawl Stone Soup version 0.25.0-37-gb73750e0fb (webtiles) character file.

Game seed: 17398920906837079879

680060 MisterFreud the Conqueror (level 27, -10/323 HPs)
             Began as a Demonspawn Ice Elementalist on July 8, 2020.
             Was the Champion of Vehumet.
             Killed from afar by a Killer Klown (15 damage)
             ... with a klown pie
             ... on level 5 of the Realm of Zot on July 9, 2020.
             The game lasted 04:24:47 (83131 turns).

MisterFreud the Conqueror (DsIE)                   Turns: 83131, Time: 04:24:47

Health: -10/323    AC: 21    Str: 15    XL:     27
Magic:  0/43       EV: 20    Int: 25    God:    Vehumet [******]
Gold:   8996       SH: 18    Dex: 18    Spells: 29/58 levels left

rFire    . . .     SeeInvis .   a - +9 long sword (protect)
rCold    . . .     Gourm    .   d - +2 kite shield {rPois}
rNeg     + + .     Faith    .   B - +2 robe {Archmagi}
rPois    +         Spirit   +   l - +1 helmet
rElec    .         Reflect  .   W - +2 cloak
rCorr    .         Harm     .   P - +2 pair of gloves {Dex+3}
MR       +++..                  (boots unavailable)
Stlth    ++........             M - amulet "Hawefiz" {RegenMP rPois rF+ Str+3}
HPRegen  0.63/turn              v - ring of positive energy
MPRegen  0.81/turn              Q - ring "Ravulupt" {rN+ MR+}

@: lethally poisoned (-10 -> -10), about to teleport, fire vulnerable, no
potions, corroded, sanguine armour
A: hooves 3, deformed body, robust 3, spiny 3, magic shield, magic regeneration,
magic link, subdued magic 1, sanguine armour 3
}: 3/15 runes: decaying, silver, gossamer
a: Renounce Religion


You were on level 5 of the Realm of Zot.
You worshipped Vehumet.
Vehumet was exalted by your worship.
You were very full.

You visited 10 branches of the dungeon, and saw 50 of its levels.
You visited the Abyss 1 time.
You also visited: Ossuary and Ice Cave.

You collected 11410 gold pieces.
You spent 2414 gold pieces at shops.

Inventory:

Hand Weapons
 a - a +9 long sword of protection (weapon)
 O - the +6 long sword of Youthful Indiscretion {elec, *Rage rElec MR++ Dex-5}
   (You took it off a deep elf archer on level 3 of the Elven Halls)

   Occasionally, upon striking a foe, it will discharge some electrical energy
   and cause terrible harm.
   It affects your dexterity (-5).
   It insulates you from electricity.
   It affects your resistance to hostile enchantments.
   It may make you go berserk in combat.
Armour
 d - a +2 kite shield of poison resistance (worn)
 f - a scarf of resistance
 l - a +1 helmet (worn)
 B - a +2 robe of the Archmagi (worn)
 P - a +2 pair of gloves of dexterity (worn)
 W - a +2 cloak (worn)
Jewellery
 i - the ring "Unea" {rPois Int+3}
   (You took it off a spriggan air mage on level 3 of the Depths)

   [ring of poison resistance]

   It affects your intelligence (+3).
   It protects you from poison.
 v - a ring of positive energy (left hand)
 D - an uncursed ring of protection from magic
 E - an uncursed ring of see invisible
 H - the ring "Townoomp" {rF+ AC+4}
   (You took it off a vault sentinel on level 2 of the Vaults)

   [ring of protection]

   It affects your AC (+4).
   It protects you from fire.
 K - an uncursed ring of resist corrosion
 M - the amulet "Hawefiz" (around neck) {RegenMP rPois rF+ Str+3}
   (You acquired it on level 11 of the Dungeon)

   [amulet of magic regeneration]

   It increases your magic regeneration.
   It affects your strength (+3).
   It protects you from fire.
   It protects you from poison.
 Q - the ring "Ravulupt" (right hand) {rN+ MR+}
   (You found it on level 2 of the Vaults)

   [ring of protection from magic]

   It protects you from negative energy.
   It affects your resistance to hostile enchantments.
Wands
 k - a wand of enslavement (37)
 p - a wand of clouds (22)
 y - a wand of disintegration (26)
 A - a wand of iceblast (69)
 I - a wand of acid (3)
 S - a wand of digging (17)
 V - a wand of paralysis (57)
Scrolls
 b - a scroll of summoning
 g - 13 scrolls of teleportation
 o - 11 scrolls of immolation
 q - 16 scrolls of identify
 t - 4 scrolls of fog
 x - 11 scrolls of magic mapping
 z - 4 scrolls of blinking
 G - 2 scrolls of silence
 R - 7 scrolls of amnesia
 Y - 7 scrolls of enchant armour
 Z - 16 scrolls of fear
Potions
 e - 2 potions of resistance
 j - 5 potions of haste
 m - 5 potions of berserk rage
 n - 7 potions of might
 s - 14 potions of curing
 w - 3 potions of cancellation
 J - 10 potions of brilliance
 L - 11 potions of mutation
 N - 2 potions of magic
 T - 3 potions of heal wounds
 X - 13 potions of ambrosia
Miscellaneous
 r - a phantom mirror
 C - a tin of tremorstones (3/3)
 F - a lightning rod (4/4)
 U - a phial of floods
Comestibles
 c - 64 rations


   Skills:
 O Level 27 Fighting
 + Level 15.7 Long Blades
 - Level 10.0 Armour
 - Level 10.0 Dodging
 - Level 1.7 Stealth
 - Level 20.0 Shields
 - Level 16.0 Spellcasting
 - Level 12.0 Charms
 - Level 20.0 Ice Magic
 - Level 10.0 Evocations


You had 29 spell levels left.
You knew the following spells:

 Your Spells              Type           Power        Failure   Level  Hunger
a - Irradiate             Conj/Tmut      ###.......   17%         5    None
b - Frozen Ramparts       Ice            ######       0%          3    None
c - Ozocubu's Armour      Chrm/Ice       #######.     0%          3    None
d - Lee's Rapid Deconstr  Erth           ###.......   17%         5    None
e - Ozocubu's Refrigerat  Ice            #######...   1%          6    ####...
f - Iron Shot             Conj/Erth      ###.......   63%         6    ####...
g - Apportation           Tloc           ###...       1%          1    None

Your spell library contained the following spells:

 Spells                   Type           Power        Failure   Level  Hunger
 Chain Lightning          Conj/Air       ###.......   100%        8    #######
 Lehudib's Crystal Spear  Conj/Erth      ###.......   100%        8    #######
 Fire Storm               Conj/Fire      ###.......   100%        9    #######
 Freeze                   Ice            ####         0%          1    None
 Infusion                 Chrm           ####         0%          1    None
 Song of Slaying          Chrm           #######.     0%          2    None
 Animate Skeleton         Necr           N/A          1%          1    None
 Beastly Appendage        Tmut           ###...       1%          1    None
 Corona                   Hex            ###....      1%          1    None
 Foxfire                  Conj/Fire      ###.         1%          1    None
 Magic Dart               Conj           ###.         1%          1    None
 Shock                    Conj/Air       ###.         1%          1    None
 Summon Butterflies       Summ           ###.....     1%          1    None
 Summon Small Mammal      Summ           ###.         1%          1    None
 Ensorcelled Hibernation  Hex/Ice        ######       1%          2    None
 Shroud of Golubria       Chrm/Tloc      ######       1%          2    None
 Swiftness                Chrm/Air       ######..     1%          2    None
 Conjure Flame            Conj/Fire      ###.....     1%          3    None
 Dazzling Flash           Conj/Hex       ###...       1%          3    None
 Ignite Poison            Fire/Tmut/Pois ###.....     1%          3    None
 Inner Flame              Hex/Fire       ###.....     1%          3    None
 Mephitic Cloud           Conj/Pois/Air  ###.....     1%          3    None
 Spectral Weapon          Hex/Chrm       ######..     1%          3    None
 Static Discharge         Conj/Air       ###.....     1%          3    None
 Hailstorm                Conj/Ice       ######..     1%          4    None
 Ice Form                 Ice/Tmut       ######..     1%          4    None
 Summon Ice Beast         Ice/Summ       ######..     1%          4    None
 Iskenderun's Battlesphe  Conj/Chrm      ######..     1%          5    None
 Metabolic Englaciation   Hex/Ice        ######....   1%          5    None
 Blink                    Tloc           N/A          3%          2    None
 Call Imp                 Summ           ###.....     3%          2    None
 Passwall                 Tmut/Erth      ###.....     3%          2    None
 Poisonous Vapours        Pois/Air       ###...       3%          2    None
 Slow                     Hex            ###.....     3%          2    None
 Sticks to Snakes         Tmut           ###.....     3%          2    None
 Simulacrum               Ice/Necr       ######....   5%          6    ####...
 Call Canine Familiar     Summ           ###.....     6%          3    None
 Confusing Touch          Hex            ###.....     6%          3    None
 Gell's Gravitas          Tloc           ###.......   6%          3    None
 Lesser Beckoning         Tloc           ###.......   6%          3    None
 Portal Projectile        Hex/Tloc       ###...       6%          3    None
 Recall                   Summ/Tloc      N/A          6%          3    None
 Spider Form              Tmut/Pois      ###.......   6%          3    None
 Summon Guardian Golem    Hex/Summ       ###.....     6%          3    None
 Teleport Other           Tloc           ###.....     6%          3    None
 Tukima's Dance           Hex            ###.....     6%          3    None
 Airstrike                Air            ###.......   6%          4    None
 Fulminant Prism          Conj/Hex       ###.......   6%          4    None
 Sticky Flame             Conj/Fire      ###.....     6%          4    None
 Freezing Cloud           Conj/Ice/Air   ######....   6%          6    ####...
 Bolt of Magma            Conj/Fire/Erth ###.......   17%         5    None
 Fireball                 Conj/Fire      ###.......   17%         5    None
 Lightning Bolt           Conj/Air       ###.......   17%         5    None
 Yara's Violent Unravell  Hex/Tmut       ###.......   17%         5    None
 Cause Fear               Hex            ###.......   22%         4    None
 Leda's Liquefaction      Hex/Erth       ###.......   22%         4    None
 Passage of Golubria      Tloc           N/A          22%         4    None
 Petrify                  Tmut/Erth      ###.....     22%         4    None
 Summon Lightning Spire   Summ/Air       ###.....     22%         4    None
 Alistair's Intoxication  Tmut/Pois      ###.....     54%         5    None
 Aura of Abjuration       Summ           ###.......   54%         5    None
 Blade Hands              Tmut           ###.......   54%         5    None
 Silence                  Hex/Air        ###.......   54%         5    None
 Summon Demon             Summ           ###.......   54%         5    None
 Summon Forest            Summ/Tloc      ###.......   54%         5    None
 Summon Mana Viper        Hex/Summ       ###.....     54%         5    None
 Conjure Ball Lightning   Conj/Air       ###.......   63%         6    ####...
 Starburst                Conj/Fire      ###.......   63%         6    ####...
 Ring of Flames           Chrm/Fire      ######....   86%         7    #####..
 Darkness                 Hex            ###.......   98%         6    ####...
 Invisibility             Hex            ###.....     98%         6    ####...
 Shadow Creatures         Summ           N/A          98%         6    ####...
 Orb of Destruction       Conj           ###.......   99%         7    #####..
 Spellforged Servitor     Conj/Summ      ###.......   99%         7    #####..
 Ignition                 Fire           ###.......   100%        8    #######
 Tornado                  Air            ###.......   100%        9    #######


Dungeon Overview and Level Annotations

Branches:
Dungeon (15/15)            Temple (1/1) D:6            Lair (6/6) D:9
  Swamp (4/4) Lair:4       Spider (4/4) Lair:4        Slime (0/5) Lair:5
    Orc (2/2) D:10            Elf (3/3) Orc:2        Vaults (5/5) D:14
  Crypt (0/3) Vaults:2     Depths (5/5) D:15            Zot (5/5) Depths:5
Ossuary (visited)           IceCv (visited)

Altars:
Ashenzari
Cheibriados
Dithmenos
Elyvilon
Fedhas
Gozag
Hepliaklqana
Kikubaaqudgha
Makhleb
Nemelex Xobeh
Okawaru
Qazlal
Ru
Sif Muna
Trog
Uskayaw
Vehumet
Wu Jian
Xom
Yredelemnul
Zin
Beogh
Lugonu

Shops:
D:11 ?=   D:13 (   Orc:2 ([:(   Elf:1 }   Elf:3 *}*   Vaults:2 }   Vaults:4 *
Depths:2 *%   Depths:3 ?

Portals:
Hell: Depths:1 Depths:2 Depths:3 Depths:4
Abyss: Swamp:4 Depths:4
Pandemonium: Depths:3
Ziggurat: Depths:3

Annotations:
D:9 2 transporters, Asparus's ghost, novice DEAE
Lair:1 1 runed translucent door, Wietaon's ghost, journeyman GrFi
Lair:2 exclusion: oklob plant
Lair:6 exclusion: oklob plant
Zot:3 2 transporters, Ydiuned's ghost, legendary DDFi
Zot:4 29 runed doors
Zot:5 3 runed translucent doors, exclusion: obsidian statue, Sedillia's ghost, legendary DDFi


Innate Abilities, Weirdness & Mutations

You have hooves in place of feet.
You are extremely robust. (+30% HP)
You are completely covered in sharp spines.
When hurt, damage is shared between your health and your magic reserves.
You regenerate magic rapidly.
When low on magic, you restore magic in place of health.
When seriously injured, your bleeding wounds create very thick armour. (AC +12)
Armour fits poorly on your strangely shaped body.
Your spells are a little easier to cast, but a little less powerful.


Message History

The Killer Klown is almost dead.
The ancient lich resists.
The ancient lich is lightly damaged.
The purple draconian shifter is severely wounded.
The purple draconian shifter seems to slow down.
The golden dragon resists.
The golden dragon is lightly wounded.
You feel sick.
The Killer Klown pulls ten torches off its hat and starts juggling.
You hear a loud "Zot"!
The Killer Klown tickles you with a +8 club of distortion!!
* * * LOW HITPOINT WARNING * * *
Space warps horribly around you!
* * * LOW HITPOINT WARNING * * *
The ancient lich mumbles some strange words.
The ancient lich seems to speed up.
You block something's attack.
The Killer Klown throws klown pie at you.
The klown pie hits you!
Cherry!
Cherry-coloured flames burn away your fire resistance!
You die...

▓▓^...§##▓▓▓▓▓▓
*#.§...§.d§§..,,
*#.....LD......,,
##....D.........,,
#.....L......§..,,
#..........§§...,,
#..p.......L....,,
#ppq....$^...%..,,
#@.............,,,
#........,,,,,,^,,
##.......,,,,,,,,,
*#^.....,,,^,,^,,
*#...^.^,,,,,,,^
*#####*********
##############
#.............


You could see 3 Killer Klowns, a golden dragon, 2 ancient liches and a purple
draconian shifter (slow).

Vanquished Creatures
  An ancient lich (Vaults:5)
  An orb of fire (Zot:1)
  A juggernaut (Depths:3)
  Boris (thrice) (Vaults:4 Depths:4)
  A curse toe (Zot:3)
  Saint Roka (Depths:1)
  the Lernaean hydra (Swamp:4)
  Xtahua (Vaults:3)
  Margery (Vaults:5)
  3 caustic shrikes
  13 golden dragons
  the Enchantress (Depths:4)
  Jory (Depths:4)
  2 bone dragons
  An electric golem (Depths:5)
  4 liches
  10 Orb Guardians (Zot:5)
  18 tentacled monstrosities
  Jorgrun (Elf:1)
  2 deep elf master archers (Elf:3)
  3 titans
  3 deep elf blademasters (Elf:3)
  10 quicksilver dragons
  3 sphinxes
  8 death cobs
  The ghost of mortelune the Warrior, an adept FoAK of Lugonu (Swamp:4)
  A tentacled starspawn (Abyss:2)
  11 shadow dragons
  5 thorn hunters
  4 tengu reavers
  A storm dragon (shapeshifter) (Depths:3)
  11 storm dragons
  12 draconian monks
  5 draconian knights
  15 frost giants
  18 vault wardens
  11 ghost moths
  15 fire giants
  4 emperor scorpions
  6 draconian scorchers
  8 deep elf sorcerers
  8 deep elf elementalists
  A draconian stormcaller (Zot:2)
  Aizul (Swamp:1)
  24 stone giants
  5 spriggan defenders (Depths:4)
  12 draconian shifters
  A reaper (Abyss:2)
  6 draconian annihilators
  41 very ugly things
  12 ironheart preservers
  3 war gargoyles
  5 entropy weavers
  7 deep elf demonologists
  8 green draconians
  10 black draconians
  16 red draconians
  11 white draconians
  10 deep elf annihilators
  16 purple draconians
  6 vampire knights
  8 spark wasps
  12 yellow draconians
  A merfolk javelineer (Depths:1)
  5 deep elf death magi
  Snorg (D:11)
  17 ettins
  16 fire dragons
  A green death (Abyss:2)
  6 deep elf high priests
  22 yaktaur captains
  21 ogre magi
  18 great orbs of eyes
  32 vault guards
  Josephine (Lair:4)
  22 hydras
  A quicksilver dragon skeleton (Abyss:2)
  3 rakshasas
  14 ice dragons
  3 shambling mangroves
  12 spriggan air magi
  A death knight (Vaults:4)
  67 two-headed ogres
  2 catoblepae
  A ghost crab (Swamp:4)
  14 centaur warriors
  33 dancing weapons
  A hell hog (Abyss:2)
  9 alligators
  11 spriggan berserkers
  6 tengu warriors
  2 vampire magi
  12 deep troll shamans
  6 orc high priests
  14 deep troll earth magi
  2 thrashing horrors
  21 hell knights
  A titan skeleton (Vaults:4)
  24 deep elf knights
  A salamander mystic (Depths:5)
  A fire crab (Spider:3)
  6 iron trolls
  4 skeletal warriors
  36 deep trolls
  3 death drakes (Depths:5)
  4 wizards
  5 unseen horrors
  8 glowing orange brains
  2 lindwurms (shapeshifter) (D:15)
  19 deep elf archers
  Pikel (D:5)
  27 ironbrand convokers
  12 swamp dragons
  3 spriggan druids
  A tengu zombie (Vaults:1)
  4 flayed ghosts
  10 harpies
  7 phantasmal warriors
  4 lindwurms
  19 orc knights
  2 human zombies
  9 orb spiders
  56 deep elf magi
  3 necromancers
  45 ugly things
  44 wolf spiders
  A manticore (shapeshifter) (Vaults:5)
  25 moths of wrath
  13 elephants
  5 orc sorcerers
  2 salamanders (Depths:5)
  A tengu skeleton (Vaults:1)
  A moth of wrath (shapeshifter) (Vaults:5)
  10 cyclopes
  2 manticores
  10 vault sentinels
  A shadow dragon skeleton (Vaults:4)
  A black mamba (shapeshifter) (Depths:4)
  A guardian serpent (Spider:2)
  An elephant (shapeshifter) (Vaults:5)
  16 spiny frogs
  8 black mambas
  A gargoyle (D:14)
  2 smoke demons (Abyss:2)
  4 rime drakes
  An eye of devastation (shapeshifter) (Depths:4)
  4 torpor snails
  3 kobold demonologists
  A human skeleton (Vaults:1)
  13 demonic crawlers
  11 komodo dragons
  4 freezing wraiths
  83 yaktaurs
  A redback zombie (D:14)
  4 meliai
  2 tengu conjurers
  30 jumping spiders
  2 queen bees (shapeshifter)
  5 trolls
  Grinder (D:5)
  10 tyrant leeches
  A queen bee (Lair:5)
  2 jumping spiders (shapeshifter)
  5 wind drakes
  A wind drake (shapeshifter) (Depths:3)
  26 hornets
  12 polar bears
  A hornet (shapeshifter) (Depths:5)
  36 slime creatures
  A fire giant simulacrum (Vaults:2)
  A blink frog (shapeshifter) (Vaults:3)
  7 hippogriffs
  6 dream sheep
  17 blink frogs
  18 bog bodies
  8 raiju
  7 small abominations
  A redback (shapeshifter) (Vaults:5)
  17 spriggans
  Sigmund (D:6)
  A shadow (D:13)
  9 wyverns
  A meliai zombie (D:15)
  5 wraiths
  75 redbacks
  2 humans (shapeshifter)
  35 tarantellas
  2 ettin skeletons
  4 fire elementals
  10 water elementals
  A yak (shapeshifter) (Depths:4)
  3 fire bats (Abyss:2)
  33 yaks
  8 basilisks
  9 humans
  6 steam dragons
  A hungry ghost (D:10)
  A basilisk (shapeshifter) (Vaults:2)
  13 wargs
  6 large abominations
  20 vampire mosquitoes
  A spatial vortex (Abyss:2)
  A yaktaur simulacrum (Vaults:2)
  3 insubstantial wisps (Swamp:4)
  19 swamp worms
  11 hell hounds (Lair:6)
  2 acid dragons
  16 water moccasins
  A floating eye (Depths:4)
  6 porcupines
  A floating eye (shapeshifter) (Elf:2)
  5 ice beasts
  17 swamp drakes
  A black bear (shapeshifter) (Vaults:5)
  51 orc warriors
  4 slaves (D:5)
  16 black bears
  3 phantoms
  16 boggarts
  33 ogres
  2 eyes of draining
  4 sky beasts
  25 wolves
  24 centaurs
  13 crocodiles
  2 big kobolds
  18 bullfrogs
  4 earth elementals
  2 wyvern skeletons
  2 troll zombies (D:10)
  4 scorpions
  48 killer bees
  A vampire bat (Abyss:2)
  4 wights (Ossuary)
  6 howler monkeys
  3 electric eels
  3 centaur zombies
  9 crimson imps
  5 jellies
  3 bullfrog zombies
  2 iron imps (Abyss:2)
  A gnoll shaman (D:4)
  7 hounds
  2 bullfrog skeletons
  5 centaur skeletons
  35 orc priests
  7 iguanas
  21 orc wizards
  10 worker ants
  A hell rat (Lair:5)
  2 killer bee zombies
  4 ogre zombies (D:10)
  A hound skeleton (D:4)
  Robin (D:2)
  A howler monkey zombie (D:11)
  12 adders
  6 gnolls
  A shadow imp (D:5)
  An ooze (D:2)
  2 adder zombies
  A dart slug (D:1)
  A worm (D:3)
  5 leopard geckos
  117 orcs
  A ball python (D:3)
  6 bats
  A giant cockroach (D:6)
  15 goblins
  16 hobgoblins
  13 jackals
  14 kobolds
  3 quokkas
  2 ball python skeletons (Ossuary)
  6 frilled lizards
  A goblin skeleton (D:10)
  3 goblin zombies (D:10)
  2 hobgoblin skeletons (Ossuary)
  A hobgoblin zombie (D:10)
  A jackal skeleton (D:6)
  2 kobold zombies (Ossuary)
  An orc skeleton (D:10)
  14 orc zombies
  A quokka skeleton (D:7)
  A quokka zombie (D:5)
  6 rats
  16 briar patches (Swamp:1)
  3 butterflies (Abyss:2)
  A crawling corpse (Vaults:5)
  A lurking horror (Swamp:4)
  2 plants
  2 starspawn tentacles (Abyss:2)
2667 creatures vanquished.

Vanquished Creatures (others)
  A deep elf knight (Elf:3)
  A deep elf mage (Elf:1)
  A hornet (Vaults:2)
  A yak (IceCv)
  4 water elementals
  A human (D:14)
  A swamp drake (Swamp:4)
  A wolf (IceCv)
  27 fungi
  49 plants
  2 starspawn tentacles (Abyss:2)
89 creatures vanquished.

Grand Total: 2756 creatures vanquished

Notes
Turn   | Place    | Note
-------+----------+-------------------------------------------
     0 | D:1      | MisterFreud the Demonspawn Ice Elementalist began the quest
                  | for the Orb.
     0 | D:1      | Reached XP level 1. HP: 13/13 MP: 3/3
   195 | D:1      | Reached skill level 1 in Fighting
   411 | D:1      | Gained mutation: You have large cloven feet. [demonic
                  | ancestry]
   411 | D:1      | Reached XP level 2. HP: 22/22 MP: 3/5
   451 | D:1      | Reached skill level 2 in Fighting
  1021 | D:1      | Gained mutation: When hurt, damage is shared between your
                  | health and your magic reserves. [demonic ancestry]
  1021 | D:1      | Reached XP level 3. HP: 22/28 MP: 4/6
  1287 | D:1      | Learned a level 3 spell: Frozen Ramparts
  1391 | D:1      | Reached skill level 3 in Fighting
  1741 | D:2      | Gained mutation: When seriously injured, your bleeding
                  | wounds create armour. (AC +12) [demonic ancestry]
  1741 | D:2      | Reached XP level 4. HP: 35/35 MP: 7/7
  1789 | D:2      | Noticed Robin
  1802 | D:2      | Killed Robin
  2234 | D:2      | Found a burning altar of Makhleb.
  2241 | D:2      | Gained mutation: You are partially covered in sharp spines.
                  | [demonic ancestry]
  2241 | D:2      | Reached XP level 5. HP: 31/41 MP: 3/9
  3533 | D:4      | Reached skill level 5 in Ice Magic
  3706 | D:4      | Gained mutation: You have hoof-like feet. [demonic
                  | ancestry]
  3706 | D:4      | Reached XP level 6. HP: 47/47 MP: 7/11
  3911 | D:4      | Found a shadowy altar of Dithmenos.
  4378 | D:4      | Reached skill level 5 in Spellcasting
  4451 | D:5      | Entered Level 5 of the Dungeon
  4468 | D:5      | Found a sand-covered staircase.
  4473 | Ossuary  | Entered an ossuary
  4774 | Ossuary  | Reached XP level 7. HP: 30/52 MP: 8/14
  4967 | Ossuary  | Noticed a wraith
  4967 | Ossuary  | Noticed a flying skull
  4999 | Ossuary  | Noticed a flying skull
  5018 | Ossuary  | Noticed a flying skull
  5046 | Ossuary  | Noticed a wraith
  5058 | Ossuary  | Killed a wraith
  5200 | Ossuary  | Noticed a wraith
  5227 | Ossuary  | Killed a wraith
  5455 | Ossuary  | Noticed a flying skull
  5564 | D:5      | Noticed Grinder
  5578 | D:5      | Killed Grinder
  5578 | D:5      | Reached XP level 8. HP: 32/58 MP: 9/17
  6227 | D:5      | Noticed Pikel
  6249 | D:5      | Killed Pikel
  6731 | D:6      | Reached XP level 9. HP: 27/63 MP: 9/20
  7072 | D:6      | Reached skill level 4 in Fighting
  7114 | D:6      | Found a bloodstained altar of Trog.
  7361 | D:6      | Found a burning altar of Makhleb.
  7372 | D:6      | Noticed Sigmund
  7379 | D:6      | Reached skill level 5 in Fighting
  7431 | D:6      | Killed Sigmund
  7431 | D:6      | Reached skill level 6 in Fighting
  7776 | D:6      | Found a hazy altar of Hepliaklqana.
  7776 | D:6      | Found a hide-covered altar of Uskayaw.
  7893 | D:6      | Found a staircase to the Ecumenical Temple.
  7929 | Temple   | Entered the Ecumenical Temple
  8024 | Temple   | Became a worshipper of Vehumet
  8354 | D:7      | Found a glowing silver altar of Zin.
  8363 | D:7      | Reached skill level 7 in Fighting
  8398 | D:7      | Found a basalt altar of Yredelemnul.
  8785 | D:7      | Reached skill level 8 in Fighting
  9115 | D:8      | Reached * piety under Vehumet
  9115 | D:8      | Offered knowledge of Magic Dart by Vehumet.
  9416 | D:8      | Reached XP level 10. HP: 80/80 MP: 19/22
  9430 | D:8      | Learned a level 3 spell: Ozocubu's Armour
  9439 | D:8      | Found a shattered altar of Ashenzari.
 10019 | D:9      | Reached skill level 5 in Dodging
 10252 | D:9      | Found a staircase to the Lair.
 10479 | D:9      | Reached ** piety under Vehumet
 10479 | D:9      | Offered knowledge of Searing Ray by Vehumet.
 10583 | D:9      | Noticed Asparus's ghost (novice DEAE)
 10584 | D:9      | Noticed a two-headed ogre
 10600 | D:9      | Killed a two-headed ogre
 10600 | D:9      | Reached skill level 9 in Fighting
 10974 | D:9      | Reached skill level 10 in Fighting
 11025 | D:9      | Reached skill level 1 in Charms
 11197 | D:9      | Found a transporter.
 11201 | D:9      | Found a transporter.
 11654 | Lair:1   | Entered Level 1 of the Lair of Beasts
 11919 | Lair:1   | Found a runed translucent door.
 11922 | Lair:1   | Noticed Wietaon's ghost (journeyman GrFi)
 11948 | Lair:1   | Noticed a four-headed hydra
 11968 | Lair:1   | Killed a four-headed hydra
 11968 | Lair:1   | Gained mutation: When seriously injured, your bleeding
                  | wounds create thick armour. (AC +12) [demonic ancestry]
 11968 | Lair:1   | Reached XP level 11. HP: 44/90 MP: 10/23
 12194 | Lair:1   | Reached skill level 5 in Charms
 12397 | Lair:1   | HP: 4/90 [poisoned by a black mamba]
 12404 | Lair:1   | HP: 4/90 [poisoned by a black mamba]
 12412 | Lair:1   | HP: 4/90 [poisoned by a black mamba]
 12802 | Lair:1   | Offered knowledge of Ignite Poison by Vehumet.
 13621 | Lair:2   | Noticed an oklob plant
 13753 | Lair:1   | Noticed a seven-headed hydra
 13784 | Lair:1   | HP: 3/90 [seven-headed hydra (6)]
 13843 | Lair:1   | Killed a seven-headed hydra
 13843 | Lair:1   | Reached skill level 1 in Evocations
 14996 | Lair:2   | Noticed a five-headed hydra
 15014 | Lair:2   | Killed a five-headed hydra
 15014 | Lair:2   | Reached skill level 5 in Evocations
 15155 | Lair:3   | Reached *** piety under Vehumet
 15183 | Lair:3   | Reached XP level 12. HP: 89/97 MP: 16/24
 16093 | Lair:4   | Found a frozen archway.
 16106 | Lair:4   | Offered knowledge of Fulminant Prism by Vehumet.
 16124 | Lair:4   | Noticed Josephine
 16126 | IceCv    | Entered an ice cave
 16290 | IceCv    | Reached skill level 10 in Ice Magic
 16531 | Lair:4   | Killed Josephine
 16730 | Lair:4   | Reached **** piety under Vehumet
 17198 | Lair:4   | Found a hole to the Spider Nest.
 17715 | Lair:4   | Found a staircase to the Swamp.
 18228 | Lair:5   | Found a staircase to the Slime Pits.
 18228 | Lair:5   | Noticed a four-headed hydra
 18237 | Lair:5   | Killed a four-headed hydra
 18237 | Lair:5   | Reached skill level 1 in Armour
 18432 | Lair:5   | Offered knowledge of Static Discharge by Vehumet.
 18474 | Lair:5   | Noticed an eight-headed hydra
 18485 | Lair:5   | Killed an eight-headed hydra
 18489 | Lair:5   | Reached XP level 13. HP: 57/103 MP: 2/25
 18911 | Lair:5   | Reached ***** piety under Vehumet
 18980 | Lair:5   | Offered knowledge of Irradiate by Vehumet.
 18987 | Lair:5   | Learned a level 5 spell: Irradiate
 19471 | Lair:5   | Got a brightly glowing long sword
 19472 | Lair:5   | Identified the +11 long sword "Hydrabane" {freeze, rElec
                  | rF- rC+} (You found it on level 5 of the Lair of Beasts)
 19761 | Lair:6   | Entered Level 6 of the Lair of Beasts
 19799 | Lair:6   | Found a blossoming altar of Fedhas.
 20017 | Lair:6   | Got a bloodstained falchion
 20051 | Lair:6   | Reached skill level 10 in Dodging
 20055 | Lair:6   | Reached skill level 1 in Long Blades
 20438 | Lair:6   | Reached skill level 5 in Long Blades
 20672 | Lair:6   | Gained mutation: You are mostly covered in sharp spines.
                  | [demonic ancestry]
 20672 | Lair:6   | Reached XP level 14. HP: 96/110 MP: 18/26
 21234 | Lair:6   | Identified the +6 falchion of Inquiry {drain, Str+7 Int-3
                  | Stlth+} (You found it on level 6 of the Lair of Beasts)
 21351 | Lair:6   | Offered knowledge of Starburst by Vehumet.
 21982 | D:10     | Entered Level 10 of the Dungeon
 22106 | D:10     | Found a staircase to the Orcish Mines.
 22192 | D:10     | Reached skill level 1 in Shields
 22907 | D:11     | Noticed Snorg
 22915 | D:11     | Killed Snorg
 23003 | D:11     | Found Osits's Magic Scroll Shop.
 23009 | D:11     | Bought a scroll of teleportation for 39 gold pieces
 23009 | D:11     | Bought a scroll of fear for 45 gold pieces
 23009 | D:11     | Bought a scroll of fog for 26 gold pieces
 23012 | D:11     | Found Pempe's Jewellery Emporium.
 23110 | D:11     | Identified a scroll of acquirement
 23110 | D:11     | Acquired the amulet "Hawefiz" {RegenMP rPois rF+ Str+3}
 23995 | D:13     | Reached ****** piety under Vehumet
 23995 | D:13     | Offered knowledge of Lee's Rapid Deconstruction by Vehumet.
 24263 | D:13     | Learned a level 5 spell: Lee's Rapid Deconstruction
 24548 | D:13     | Found Ruylop's Antique Weapon Boutique.
 24636 | D:13     | Reached skill level 5 in Shields
 25022 | D:14     | You fall into a shaft and drop 1 floor!
 25022 | D:15     | Entered Level 15 of the Dungeon
 25032 | D:15     | Reached skill level 10 in Long Blades
 25442 | D:14     | Found a gate to the Vaults.
 25527 | D:14     | Reached XP level 15. HP: 35/115 MP: 8/27
 26673 | D:15     | Offered knowledge of Orb of Destruction by Vehumet.
 26730 | D:15     | Found a staircase to the Depths.
 27072 | Orc:1    | Entered Level 1 of the Orcish Mines
 27355 | Orc:2    | Entered Level 2 of the Orcish Mines
 27571 | Orc:2    | Found a staircase to the Elven Halls.
 28392 | Orc:2    | Offered knowledge of Bolt of Magma by Vehumet.
 28489 | Orc:2    | Found Hoasm's Weapon Shop.
 28490 | Orc:2    | Found Eqemul's Armour Boutique.
 28490 | Orc:2    | Found Akkuj's Book Shop.
 28491 | Orc:2    | Found Zostrifru's Weapon Shop.
 28500 | Orc:2    | Bought the Volume of Ice and Flight for 865 gold pieces
 28507 | Orc:2    | Learned a level 6 spell: Ozocubu's Refrigeration
 28787 | Orc:1    | Found a runed translucent door.
 28945 | Orc:1    | Found a roughly hewn altar of Beogh.
 29174 | Spider:1 | Entered Level 1 of the Spider Nest
 29484 | Spider:1 | Offered knowledge of Lightning Bolt by Vehumet.
 30220 | Spider:2 | Gained mutation: You have hooves in place of feet. [demonic
                  | ancestry]
 30220 | Spider:2 | Reached XP level 16. HP: 122/122 MP: 28/28
 31236 | Spider:3 | Reached skill level 10 in Shields
 32343 | Spider:4 | Entered Level 4 of the Spider Nest
 32446 | Spider:4 | Offered knowledge of Iron Shot by Vehumet.
 32798 | Spider:4 | Learned a level 6 spell: Iron Shot
 33404 | Spider:4 | Reached XP level 17. HP: 57/128 MP: 1/29
 33622 | Spider:4 | Offered knowledge of Lehudib's Crystal Spear by Vehumet.
 33622 | Spider:4 | Offered knowledge of Fire Storm by Vehumet.
 33622 | Spider:4 | Offered knowledge of Chain Lightning by Vehumet.
 33775 | Spider:4 | Reached skill level 15 in Ice Magic
 34556 | Spider:4 | Got a gossamer rune of Zot
 34761 | Swamp:1  | Entered Level 1 of the Swamp
 35489 | Swamp:1  | Reached XP level 18. HP: 134/134 MP: 29/31
 35609 | Swamp:1  | Noticed Aizul
 35620 | Swamp:1  | Killed Aizul
 36359 | Swamp:2  | Reached skill level 10 in Spellcasting
 37797 | Swamp:4  | Entered Level 4 of the Swamp
 38767 | Swamp:4  | Gained mutation: When seriously injured, your bleeding
                  | wounds create very thick armour. (AC +12) [demonic
                  | ancestry]
 38767 | Swamp:4  | Reached XP level 19. HP: 135/140 MP: 35/35
 39127 | Swamp:4  | Noticed the 27-headed Lernaean hydra
 39139 | Swamp:4  | Killed the 27-headed Lernaean hydra
 39169 | Swamp:4  | Got a decaying rune of Zot
 39375 | Swamp:4  | Found a transporter.
 39380 | Swamp:4  | Identified the +6 lajatang of Red Judgement {distort, MR+
                  | Str+4}
 39381 | Swamp:4  | Noticed mortelune's ghost (adept FoAK)
 39382 | Swamp:4  | Found a one-way gate to the infinite horrors of the Abyss.
 39458 | Swamp:4  | Found a transporter.
 39742 | Swamp:4  | Killed mortelune's ghost
 40324 | Vaults:1 | Entered Level 1 of the Vaults
 42837 | Vaults:2 | Gained mutation: You are completely covered in sharp
                  | spines. [demonic ancestry]
 42837 | Vaults:2 | Reached XP level 20. HP: 60/147 MP: 21/38
 43057 | Vaults:2 | Cast into level 2 of the Abyss (a deep elf sorcerer)
 43162 | Abyss:2  | Reached skill level 15 in Spellcasting
 43178 | Abyss:2  | Noticed a bone dragon
 43212 | Abyss:2  | Killed a bone dragon
 43233 | Abyss:2  | Found a shimmering blue altar of Sif Muna.
 43384 | Abyss:2  | Reached skill level 15 in Shields
 43398 | Abyss:2  | Learned a level 1 spell: Apportation
 43399 | Abyss:2  | Got a bloodstained ring mail
 43401 | Vaults:2 | Escaped the Abyss
 44061 | Vaults:2 | Identified the ring "Townoomp" {rF+ AC+4}
 44154 | Vaults:2 | Identified the +4 ring mail "Mimusoch" {Str+2 Dex+4} (You
                  | found it on level 2 of the Abyss)
 44158 | Vaults:2 | Got a scintillating amber ring
 44159 | Vaults:2 | Identified the ring "Ravulupt" {rN+ MR+} (You found it on
                  | level 2 of the Vaults)
 44624 | Vaults:2 | Reached skill level 11 in Fighting
 44660 | Vaults:2 | Found Lenlessu's Gadget Shoppe.
 44724 | Vaults:2 | Bought a wand of clouds (7) for 627 gold pieces
 44822 | Vaults:2 | Noticed a bone dragon
 44824 | Vaults:2 | Found a staircase to the Crypt.
 44859 | Vaults:2 | Killed a bone dragon
 45128 | Vaults:2 | Reached skill level 12 in Fighting
 45449 | Elf:1    | Entered Level 1 of the Elven Halls
 45524 | Elf:1    | Found Seeziss's Gadget Shop.
 45761 | Elf:1    | Noticed Jorgrun
 45771 | Elf:1    | Killed Jorgrun
 46058 | Elf:1    | Reached skill level 13 in Fighting
 46571 | Elf:1    | Reached XP level 21. HP: 152/163 MP: 41/41
 46916 | Elf:2    | Reached skill level 14 in Fighting
 47426 | Elf:2    | Found an ancient bone altar of Kikubaaqudgha.
 47496 | Elf:2    | Found a runed translucent gate.
 47496 | Elf:2    | Found a runed translucent gate.
 47496 | Elf:2    | Found a runed translucent gate.
 47813 | Elf:2    | Reached skill level 15 in Fighting
 48316 | Elf:3    | Entered Level 3 of the Elven Halls
 48342 | Elf:3    | Found Woaratec's General Store.
 48668 | Elf:3    | Found Yschoijam's Gadget Emporium.
 48673 | Elf:3    | Bought a wand of acid (7) for 374 gold pieces
 48743 | Elf:3    | Found Qeoclam's General Store.
 49158 | Elf:3    | Reached skill level 10 in Evocations
 49596 | Elf:3    | Identified the ring of the Sky {rPois rN+ rCorr MP-9 Dex+2}
 49720 | Elf:3    | Reached skill level 5 in Armour
 49734 | Elf:3    | Identified the +8 chain mail "Cautrief" {Dex+2 SInv}
 49734 | Elf:3    | Identified the +6 long sword of Youthful Indiscretion
                  | {elec, *Rage rElec MR++ Dex-5}
 49818 | Elf:3    | Identified the ring of Safuh {MR+ EV+4 Dex+6}
 50019 | Elf:3    | Identified the cursed +2 morningstar "Yluqeequ" {vorpal,
                  | rElec Int+6}
 50278 | Elf:3    | Identified Buqei's Compendium of the Mutagenic Birds
 50406 | Elf:3    | Got glimmering shadow dragon scales
 50407 | Elf:3    | Identified the cursed +0 shadow dragon scales of Ygilaeqa
                  | {rElec rN+ Str-4 Stlth++++} (You found it on level 3 of the
                  | Elven Halls)
 50409 | Elf:3    | Acquired a book of Air
 50411 | Elf:3    | Acquired 1330 gold pieces
 50767 | Vaults:3 | Found the +9 staff of Wucad Mu {channel}
 51096 | Vaults:3 | Gained mutation: You are robust. (+10% HP) [demonic
                  | ancestry]
 51096 | Vaults:3 | Reached XP level 22. HP: 170/194 MP: 42/42
 51477 | Vaults:3 | Reached skill level 16 in Fighting
 51983 | Vaults:3 | Noticed Xtahua
 51997 | Vaults:3 | Killed Xtahua
 52656 | Vaults:4 | Noticed Boris
 52693 | Vaults:4 | Killed Boris
 53591 | Vaults:4 | Found Ockuim's General Store.
 53729 | Vaults:4 | Reached skill level 17 in Fighting
 53748 | Vaults:4 | Bought a potion of haste for 150 gold pieces
 53838 | Vaults:4 | Identified the quicksilver dragon scales of Inevitability
                  | {rF+ MR+ Stlth+}
 54102 | Vaults:4 | Reached skill level 10 in Armour
 55310 | Depths:1 | Entered Level 1 of the Depths
 55412 | Depths:1 | Reached skill level 18 in Fighting
 55494 | Depths:1 | Found a gateway to Hell.
 55887 | Depths:1 | Gained mutation: You regenerate magic rapidly. [demonic
                  | ancestry]
 55887 | Depths:1 | Reached XP level 23. HP: 205/211 MP: 43/43
 56000 | Depths:1 | Noticed Saint Roka
 56033 | Depths:1 | Killed Saint Roka
 56713 | Depths:1 | Reached skill level 19 in Fighting
 57312 | Depths:2 | Found Qyavops's Assorted Antiques.
 57701 | Depths:2 | Found Luliax's Food Shoppe.
 58169 | Depths:2 | Identified the cursed +1 robe of Gehenna {MR+ Str+2 Dex-3
                  | Stlth+}
 58592 | Depths:3 | Found Coef's Magic Scroll Emporium.
 58595 | Depths:3 | Reached skill level 20 in Fighting
 58949 | Depths:3 | Noticed a juggernaut
 59228 | Vaults:5 | Entered Level 5 of the Vaults
 59231 | Vaults:5 | Reached skill level 10 in Charms
 59527 | Vaults:5 | Noticed Boris
 59562 | Vaults:4 | Killed Boris
 59562 | Vaults:4 | Gained mutation: You are very robust. (+20% HP) [demonic
                  | ancestry]
 59562 | Vaults:4 | Reached XP level 24. HP: 143/244 MP: 43/43
 60096 | Vaults:5 | Noticed an ancient lich
 60121 | Vaults:5 | Identified the +12 glaive "Xeasymalui" {protect, Fragile
                  | rC+ rN+}
 60121 | Vaults:5 | Killed an ancient lich
 60224 | Vaults:5 | Identified the cursed +1 great mace of Evil {protect,
                  | Int+6}
 60321 | Vaults:5 | Noticed Margery
 60513 | Vaults:5 | Killed Margery
 61557 | Vaults:5 | Identified the +9 plate armour "Wanizoy" {rElec rPois MP-9
                  | SInv}
 61589 | Vaults:5 | Identified the ring "Juwocel" {*Corrode rElec rPois MR+
                  | Str+4}
 61769 | Vaults:5 | Got a silver rune of Zot
 61837 | Vaults:5 | Identified the +10 rapier of Jeysilia {pain, rPois Str-5
                  | Int+2}
 61838 | Vaults:5 | Identified the +6 war axe "Xicwaneb" {freeze, rN+ MR+ Str+4
                  | Int+2}
 62515 | Vaults:5 | Identified Qaippu's Grimoire of Confrontation and
                  | Protection
 63731 | Depths:3 | Bought a scroll of blinking for 120 gold pieces
 63731 | Depths:3 | Bought 3 scrolls of fear for 168 gold pieces
 63914 | Depths:3 | Reached XP level 25. HP: 160/252 MP: 34/43
 64134 | Depths:3 | Killed a juggernaut
 64664 | Depths:3 | Reached skill level 21 in Fighting
 64820 | Depths:3 | Identified the ring "Unea" {rPois Int+3}
 65218 | Depths:3 | Identified the +1 demon whip of Reason {freeze, Str+4
                  | Int+5}
 65341 | Depths:3 | Reached skill level 22 in Fighting
 65466 | Depths:3 | Found a gateway to a ziggurat.
 65679 | Depths:3 | You fall into a shaft and drop 2 floors!
 65679 | Depths:5 | Entered Level 5 of the Depths
 65750 | Depths:5 | Noticed Boris
 65759 | Depths:5 | Identified the +6 scimitar "Hues" {speed, *Contam rN+
                  | Dex+4}
 65778 | Depths:4 | Noticed the Enchantress
 65811 | Depths:4 | Killed the Enchantress
 65814 | Depths:4 | Reached skill level 23 in Fighting
 67035 | Depths:3 | Found a one-way gate leading to the halls of Pandemonium.
 67825 | Depths:4 | Gained mutation: When low on magic, you restore magic in
                  | place of health. [demonic ancestry]
 67825 | Depths:4 | Reached XP level 26. HP: 241/277 MP: 38/43
 68098 | Depths:4 | Reached skill level 24 in Fighting
 68354 | Depths:4 | Noticed Jory
 68393 | Depths:4 | Killed Jory
 68743 | Depths:4 | Found a corrupted altar of Lugonu.
 70146 | Depths:4 | Reached skill level 25 in Fighting
 70353 | Depths:5 | Found a sparkling altar of Nemelex Xobeh.
 70652 | Depths:4 | Killed Boris
 71234 | Depths:5 | Found a gate to the Realm of Zot.
 71323 | Depths:5 | Reached skill level 26 in Fighting
 71982 | Depths:4 | Paralysed by a floating eye for 3 turns
 73192 | Zot:1    | Entered Level 1 of the Realm of Zot
 73565 | Zot:1    | Gained mutation: You are extremely robust. (+30% HP)
                  | [demonic ancestry]
 73565 | Zot:1    | Reached XP level 27. HP: 282/321 MP: 27/43
 73588 | Zot:1    | Noticed an orb of fire
 73904 | Zot:1    | Gained mutation: Armour fits poorly on your strangely
                  | shaped body. [an orb of fire]
 73910 | Zot:1    | Gained mutation: Your spells are a little easier to cast,
                  | but a little less powerful. [an orb of fire]
 73911 | Zot:1    | Killed an orb of fire
 73911 | Zot:1    | Reached skill level 27 in Fighting
 77209 | Zot:3    | Acquired a book of Summonings
 78515 | Zot:3    | Found a transporter.
 78521 | Zot:3    | Noticed Ydiuned's ghost (legendary DDFi)
 78560 | Zot:3    | Found a transporter.
 80529 | Zot:4    | Found a huge runed gate.
 80529 | Zot:4    | Found a huge runed gate.
 80529 | Zot:4    | Found a huge runed gate.
 80529 | Zot:4    | Found a huge runed gate.
 80529 | Zot:4    | Found a huge runed gate.
 80529 | Zot:4    | Found a huge runed gate.
 80529 | Zot:4    | Found a huge runed gate.
 80532 | Zot:4    | Found a huge runed gate.
 80532 | Zot:4    | Found a huge runed gate.
 80540 | Zot:4    | Found a huge runed gate.
 80540 | Zot:4    | Found a huge runed gate.
 80540 | Zot:4    | Found a huge runed gate.
 80543 | Zot:4    | Found a huge runed gate.
 80544 | Zot:4    | Found a huge runed gate.
 80561 | Zot:4    | Found a huge runed gate.
 80563 | Zot:4    | Found a huge runed gate.
 80566 | Zot:4    | Found a huge runed gate.
 80566 | Zot:4    | Found a huge runed gate.
 80988 | Zot:4    | Found a huge runed gate.
 81165 | Zot:4    | Found a huge runed gate.
 81166 | Zot:4    | Found a huge runed gate.
 81166 | Zot:4    | Found a huge runed gate.
 81166 | Zot:4    | Found a huge runed gate.
 81166 | Zot:4    | Found a huge runed gate.
 81166 | Zot:4    | Found a huge runed gate.
 81167 | Zot:4    | Found a huge runed gate.
 81168 | Zot:4    | Found a huge runed gate.
 81169 | Zot:4    | Found a huge runed gate.
 81170 | Zot:4    | Found a huge runed gate.
 81587 | Zot:5    | Entered Level 5 of the Realm of Zot
 81587 | Zot:5    | Found a runed translucent gate.
 81587 | Zot:5    | Found a runed translucent gate.
 81587 | Zot:5    | Found a runed translucent gate.
 81587 | Zot:5    | Found an opulent altar of Gozag.
 81588 | Zot:5    | Noticed Sedillia's ghost (legendary DDFi)
 82754 | Zot:5    | Reached skill level 15 in Long Blades
 83098 | Zot:5    | Noticed an ancient lich
 83102 | Zot:5    | Noticed an orb of fire
 83103 | Zot:5    | Noticed an ancient lich
 83106 | Zot:5    | Noticed an ancient lich
 83121 | Zot:5    | Noticed an orb of fire
 83121 | Zot:5    | Noticed an ancient lich
 83125 | Zot:5    | Noticed an ancient lich
 83131 | Zot:5    | HP: 5/323 [Killer Klown/+8 club of distortion (13)]
 83131 | Zot:5    | Killed from afar by a Killer Klown

Illustrated notes

Levels and vault maps discovered:
D:1:      dpeg_arrival_tiny_c, layout_basic
D:2:      layout_loops_ring, serial_rivers, chequers_serial_rivers_micro_b,
          chequers_serial_rivers_micro_a, chequers_serial_rivers_micro_c,
          chequers_serial_rivers_micro_c, chequers_serial_rivers_room_b,
          makhleb_heckhound_becter, uniq_robin
D:3:      layout_loops_ring, chequers_arboretum
D:4:      layout_loops_ring, nicolae_dithmenos_shadow_blocks,
          hangedman_decor_peaks_small, solitary_fountain, dk_vineyard_3
D:5:      layout_loops_corners, first_ration, enter_ossuary_2,
          minmay_misc_feat_alley, uniq_pikel, uniq_grinder
D:6:      cheibrodos_thug_alley, layout_layer_cave,
          gammafunk_temple_overflow_elements, trog_ov_bears_minmay,
          minmay_temple_entry_slanted, basic_altar, minmay_door_square,
          minmay_manual_moon, uniq_sigmund
D:7:      layout_basic, grunt_temple_overflow_open,
          nicolae_overflow_hidden_temple
D:8:      layout_basic, old_standard_altar, the_bakery
D:9:      layout_loops_ring, lair_entry_dummy, gammafunk_ghost_hive,
          serial_bayou_crossing
D:10:     layout_roguey, zombieorc1_lemuel
D:11:     layout_basic, serial_shops, shop, shop, uniq_snorg
D:12:     layout_rooms
D:13:     layout_roguey, serial_shops, shop, hex_large,
          kennysheep_generic_room_5
D:14:     layout_irregular_city, ximxim_vaults_locker_room
D:15:     gammafunk_enter_depths_forms, layout_basic, hangedman_decor_riveting
Temple:   dshaligram_water_room_temple
Lair:1:   layout_chaotic_city, hellmonk_ghost_happy_afterlife, wad_woods_road_05
Lair:2:   layout_gridlike, minmay_lair_oklob_chamber
Lair:3:   layout_roguey
Lair:4:   layout_layer_cave, swamp_mist_pool, dummy_spider_entry,
          portal_ice_cave_entry_pillars_2, grunt_megastairs_4, uniq_josephine
Lair:5:   regret_index_wax_grids, layout_concentric_octagons, slime_dummy
Lair:6:   hangedman_lair_caniforms_friends, layout_misc_corridors,
          guppyfry_lair_end_dragon, tgw_fedhas
Swamp:1:  layout_falls_marsh, nicolae_swamp_rocky_clearing, uniq_aizul
Swamp:2:  layout_basic_swamp, evilmike_swamp_ruin_house_3
Swamp:3:  layout_basic_swamp, hangedman_swamp_ruin_wall
Swamp:4:  grunt_swamp_rune_castle, layout_basic_swamp,
          gammafunk_ghost_abyssal_escape
Spider:1: layout_spider_delve
Spider:2: layout_spider_delve
Spider:3: cheibrodos_forgotten_conduit, hangedman_spider_tarantella_strand
Spider:4: grunt_spider_rune_island
Orc:1:    layout_caves, lightli_church_of_beogh
Orc:2:    st_orc_pillars, layout_diamond_mine
Elf:1:    hangedman_cross_stitches, layout_loops_corners, serial_shops, shop,
          hangedman_elven_crosses_minicolossus, uniq_jorgrun
Elf:2:    layout_rooms, basic_altar
Elf:3:    minmay_elf_hall_quartered_circle, layout_loops_ring, serial_shops,
          shop, shop_fountains, nicolae_shop_waterfront
Vaults:1: v_misc_14, vaults_room_semicircle, dpeg_vaults_monster_row,
          hangedman_vaults_river_flow, v_misc_23, v_misc_2, v_rooms_5,
          nicolae_vaults_network_s, nicolae_vaults_yaktaur_gun_rack,
          vaults_mumra_chevron_long, ontoclasm_vaults_shout, vaults_dpeg_doors,
          nicolae_vaults_asterisk, layout_vaults_omnibox
Vaults:2: hangedman_vaults_locks, hangedman_vaults_restitches,
          minmay_crypt_entry_nasty_monster, nicolae_vaults_quadrants,
          vaults_room_ringed_pool, ontoclasm_vaults_shuriken, v_rooms_1,
          vaults_room_pools, vaults_room_stairs_pillars, vaults_mumra_lcd,
          hangedman_vaults_nails, hangedman_vaults_pinch, hangedman_vaults_trim,
          nicolae_vaults_little_squares_5, nicolae_vaults_little_squares_1,
          nicolae_vaults_shelves_hall, layout_vaults_maze_bifur, serial_shops,
          nicolae_shop_stone
Vaults:3: ontoclasm_vaults_bender, hangedman_vaults_maws,
          ontoclasm_vaults_hangar, v_misc_26, vaults_room_door_hall, v_misc_1,
          v_misc_26, nicolae_vaults_shelves_hall,
          nicolae_vaults_little_squares_2, serial_ice_b, hangedman_vaults_snaps,
          layout_vaults_omnicross, uniq_xtahua
Vaults:4: v_misc_32, vaults_room_semicircle, hangedman_vaults_impose, v_misc_8,
          nicolae_vaults_big_ls, nicolae_vaults_three_branches,
          hangedman_vaults_restitches, layout_vaults_omnigrid, serial_shops,
          nicolae_shop_waterfront, uniq_boris
Vaults:5: serial_shops, uniq_margery
Depths:1: layout_cave_pools, kennysheep_big_empty_room, grunt_metal_band,
          lemuel_freeze_loot_1, uniq_saint_roka
Depths:2: minmay_distorted_concentric_squares, layout_cave_pools,
          corexii_corridor_pit, hell_entry, minmay_shoptagon,
          infiniplex_staircase_spiral_double
Depths:3: minmay_the_grid_square_5x5_5x5 [minmay_the_grid_square_5x5_bracketed,
          minmay_the_grid_square_5x5_sharp_hourglass,
          minmay_the_grid_square_5x5_mess, minmay_the_grid_square_5x5_gyroscope,
          minmay_the_grid_square_5x5_tetrominoes,
          minmay_the_grid_square_5x5_lines,
          minmay_the_grid_square_5x5_prize_open,
          minmay_the_grid_square_5x5_plus,
          minmay_the_grid_square_5x5_prize_rear_guard,
          minmay_the_grid_square_5x5_shrine1, minmay_the_grid_square_5x5_two,
          minmay_the_grid_square_5x5_c, minmay_the_grid_square_5x5_prize_itemx,
          minmay_the_grid_square_5x5_trominoes,
          minmay_the_grid_square_5x5_longway,
          minmay_the_grid_square_5x5_intrusive_squares,
          minmay_the_grid_square_5x5_prize_gold,
          minmay_the_grid_square_5x5_pentomino_r,
          minmay_the_grid_square_5x5_prize_pseudospiral,
          minmay_the_grid_square_5x5_bite, minmay_the_grid_square_5x5_inset,
          minmay_the_grid_square_5x5_slash,
          minmay_the_grid_square_5x5_broken_cross, minmay_the_grid_square_5x5_z,
          minmay_the_grid_square_5x5_meh], layout_long_grid, enter_ziggurat_a,
          rand_demon_pan_entry_5, minmay_misc_feat_tower, hell_entry,
          serial_shops, nicolae_shop_trees, minmay_misc_feat_chi
Depths:4: minmay_nested_s, layout_cave_pools, minmay_fountain_box,
          abyss_entry_flame_altar, hell_entry, serial_bayou_shore_a, uniq_jory,
          uniq_enchantress
Depths:5: lemuel_castle_with_subvaults [lemuel_castle_interior_original],
          layout_cave_pools, chequers_decorated_corner,
          pf_hell_entry_tar_spiral, nemelex_xobeh_ov_fountains_minmay
Zot:1:    layout_misc_corridors, hangedman_zot_decor_tridents,
          grunt_megastairs_5
Zot:2:    layout_cellular_growth, grunt_ministairs_13
Zot:3:    layout_cathedral_of_symmetry, gammafunk_ghost_berserking_beasts
Zot:4:    layout_cellular_growth, door_vault
Zot:5:    layout_basic, ebering_ghost_gozag

Skill      XL: |  1  2  3  4  5  6  7  8  9 10 11 12 13 14 15 16 17 18 19 20 21 22 23 24 25 26 27 |
---------------+----------------------------------------------------------------------------------+-----
Fighting       | 1 2 3 8 10 13 15 18 20 23 26 27 | 27.0
Ice Magic      | 4 5 6 7 8 12 14 15 16 19 20 | 20.0
Spellcasting   | 3 5 6 7 8 9 12 14 16 | 16.0
Dodging        | 3 6 10 | 10.0
Charms         | 4 8 12 | 12.0
Evocations     | 6 10 | 10.0
Armour         | 2 4 6 10 | 10.0
Long Blades    | 6 10 12 14 15 | 15.7
Shields        | 6 9 10 14 15 20 | 20.0
Stealth        | |  1.7

Action                   |  1- 3 |  4- 6 |  7- 9 | 10-12 | 13-15 | 16-18 | 19-21 | 22-24 | 25-27 || total
-------------------------+-------+-------+-------+-------+-------+-------+-------+-------+-------++-------
Melee: Unarmed           |     2 |       |       |       |       |       |       |       |       ||     2
       Club              |     7 |       |       |       |       |       |       |       |       ||     7
       Dagger            |    18 |   104 |   201 |   375 |   132 |       |       |       |       ||   830
       Kick              |     4 |    24 |    45 |   113 |   362 |   397 |   694 |   877 |   944 ||  3460
       Quick blade       |       |       |       |       |   335 |   303 |    50 |       |       ||   688
       Long sword        |       |       |       |       |   705 |   835 |  1712 |  1853 |  2061 ||  7166
 Cast: Freeze            |    32 |       |       |       |       |       |       |       |       ||    32
       Frozen Ramparts   |     3 |    19 |    22 |    62 |    94 |    51 |    55 |    42 |    54 ||   402
       Ozocubu's Armour  |       |       |       |    26 |   128 |   119 |   148 |   121 |   160 ||   702
       Ozocubu's Refrige |       |       |       |       |     6 |     1 |    16 |    76 |   170 ||   269
       Irradiate         |       |       |       |       |       |     1 |       |     4 |       ||     5
       Apportation       |       |       |       |       |       |       |     1 |       |       ||     1
Evoke: Wand              |       |       |     3 |     8 |    20 |    29 |    17 |       |     6 ||    83
       Box of beasts     |       |       |       |       |     2 |       |       |       |       ||     2
       Lightning rod     |       |       |       |       |       |     3 |     4 |       |       ||     7
       Tin of tremorston |       |       |       |       |       |       |     3 |       |       ||     3
       Phantom mirror    |       |       |       |       |       |       |       |     1 |       ||     1
  Use: Potion            |       |       |     1 |     2 |     1 |     5 |     5 |     5 |     2 ||    21
       Scroll            |       |       |       |    29 |     9 |     5 |    20 |     3 |    12 ||    78
 Stab: Sleeping          |     3 |     6 |     2 |     2 |     1 |       |     3 |     1 |       ||    18
       Paralysed         |       |       |       |     8 |       |       |       |       |       ||     8
       Distracted        |       |       |       |       |     1 |       |       |       |       ||     1
       Held in net/web   |       |       |       |       |       |     1 |       |       |       ||     1
       Confused          |       |       |       |       |       |     1 |     2 |       |       ||     3
       Invisible         |       |       |       |       |       |       |     2 |       |       ||     2
  Eat: Chunk             |     3 |    10 |     8 |    16 |    42 |    25 |    30 |    37 |    20 ||   191
       Ration            |       |       |     3 |     3 |       |     1 |     5 |     6 |    22 ||    40
Armor: Robe              |     8 |    11 |    21 |    61 |       |       |       |       |   465 ||   566
       Troll leather arm |       |       |       |     9 |   251 |   285 |   357 |   412 |   134 ||  1448
       Acid dragon scale |       |       |       |       |       |       |       |       |    23 ||    23
Dodge: Dodged            |    33 |    62 |   102 |   377 |  1044 |   843 |   809 |   794 |   936 ||  5000
Block: Kite shield       |       |       |       |       |       |   622 |   918 |  1143 |  1290 ||  3973
       Rpst.: Long sword |       |       |       |       |   164 |   123 |   155 |   134 |   128 ||   704
